 Dungeon Crawl Stone Soup version 0.27.1-4-g1640c2035a (webtiles) character file.

Game seed: 10862726079560292134

220 tizbic2 the Chucker (level 5, -13/54 HPs)
             Began as an Ogre Hunter on Nov 13, 2021.
             Was a Believer of Lugonu.
             Mangled by an ogre (24 damage)
             ... on level 3 of the Dungeon.
             The game lasted 00:11:21 (2153 turns).

tizbic2 the Chucker (Ogre Hunter)                   Turns: 2153, Time: 00:11:22

Health: -13/54     AC:  3    Str: 17    XL:     5   Next: 97%
Magic:  5/5        EV: 10    Int: 12    God:    Lugonu [**....]
Gold:   67         SH:  0    Dex:  9    Spells: 4/4 levels left

rFire    . . .     SeeInvis .   p - +1 giant club
rCold    . . .     Faith    .   (shield currently unavailable)
rNeg     . . .     Spirit   .   b - +0 robe
rPois    .         Reflect  .   (helmet restricted)
rElec    .         Harm     .   (no cloak)
rCorr    .         Rampage  .   (gloves unavailable)
Will     .....                  (boots unavailable)
Stlth    +.........             (no amulet)
HPRegen  0.18/turn              j - ring of flight
MPRegen  0.09/turn              (no ring)

@: flying
A: large, unfitting armour, tough skin 1
a: Renounce Religion, Depart the Abyss, Bend Space


You were on level 3 of the Dungeon.
You worshipped Lugonu.
Lugonu was pleased with you.
You visited 1 branch of the dungeon, and saw 3 of its levels.

You collected 67 gold pieces.

Inventory:

Hand Weapons
 a - a +3 short sword of electrocution
 p - a +1 giant club (weapon)
Missiles
 c - 5 large rocks
 d - 2 throwing nets
 i - 106 stones (quivered)
 n - 21 poisoned darts
Armour
 b - a +0 robe (worn)
Jewellery
 j - a ring of flight (left hand)
Scrolls
 e - a scroll of fear {unknown}
 g - 2 scrolls of identify {unknown}
 h - 3 scrolls of teleportation
 l - a scroll of fog {unknown}
Potions
 f - a potion of heal wounds {unknown}
 k - a potion of curing {unknown}


   Skills:
 + Level 4.0 Fighting
 + Level 1.6 Maces & Flails
 * Level 5.4 Throwing
 * Level 3.2 Dodging
 - Level 0.6 Stealth


You had 4 spell levels left.
You didn't know any spells.
Your spell library was empty.

Dungeon Overview and Level Annotations

Branches:
Dungeon (3/15)

Altars:
Lugonu

Shops:
D:1 (


Innate Abilities, Weirdness & Mutations

You are too large for most types of armour.
You have tough skin. (AC +1)


Message History

You kill the goblin!
Lugonu accepts your kill.
You see here a +0 club.
There is a stone staircase leading down here.
The orc shouts!
You hear a shout! x2
An ogre comes into view. It is wielding a +0 giant spiked club.
You closely miss the orc. The orc barely misses you.
You barely miss the orc. The orc hits you with a +0 flail!
The orc hits you with a +0 flail.
You barely miss the orc. The orc hits you with a +0 flail.
An adder comes into view.
There is a stone staircase leading down here.
An orc comes into view. It is wielding a +0 club.
The orc closely misses you.
There is a stone staircase leading up here.
The orc hits you but does no damage.
You fly upwards.
There is a stone staircase leading down here.
You closely miss the orc. The orc hits you with a +0 flail. x2
You thump the orc!
You kill the orc!
Lugonu accepts your kill.
Things that are here:
a +0 flail; a +0 leather armour You start resting.
HP restored.
Things that are here:
a +0 flail; a +0 leather armour
There is a stone staircase leading down here.
You fly downwards.
The orc hits you but does no damage.
The ogre hits you with a +0 giant spiked club!
There is a stone staircase leading up here.
You bludgeon the orc!!
You kill the orc!
Lugonu accepts your kill.
The ogre hits you with a +0 giant spiked club!!
Ouch! That really hurt!
* * * LOW HITPOINT WARNING * * *
The ogre hits you with a +0 giant spiked club!!
You die...

#.##.# ##.#.###### .#
#.##.####........... ..
#.##...........#####....
#.......#..###.# ....
######..#..# #.# .#.#
#..#..# #.# .#.#
#..#..###.# ...
#..#......# ##.#
#O@##.##..####.#
#.)##รท##.......#
#..##)###.###..#
#.....)...# #.#.#
#.###.###.# #.##.. #.
.... ..# #.# #.#
#####.###.###)##... #.#
#.#.<...... #.#
#.#.#......


You could see an ogre.

Vanquished Creatures
  An ogre (D:3)
  An orc priest (D:3)
  A centaur skeleton (D:2)
  A hound (D:3)
  4 orcs
  2 bats
  2 endoplasms (D:2)
  A giant cockroach (D:2)
  4 goblins
  5 hobgoblins
  8 jackals
  2 kobolds
  2 quokkas
  7 ball pythons
  A frilled lizard (D:2)
  2 rats
44 creatures vanquished.

Notes
Turn   | Place    | Note
-------+----------+-------------------------------------------
     0 | D:1      | tizbic2 the Ogre Hunter began the quest for the Orb.
     0 | D:1      | Reached XP level 1. HP: 22/22 MP: 1/1
   161 | D:1      | Reached XP level 2. HP: 27/29 MP: 2/2
   195 | D:1      | Found Ecked's Antique Weapon Shop.
   437 | D:1      | Found a faded altar of an unknown god.
   440 | D:1      | Became a worshipper of Lugonu the Unformed
   440 | D:1      | Reached * piety under Lugonu
   440 | D:1      | Reached ** piety under Lugonu
   671 | D:2      | Reached XP level 3. HP: 36/37 MP: 3/3
   753 | D:2      | Reached XP level 4. HP: 30/45 MP: 4/4
  1680 | D:3      | Reached skill level 1 in Maces & Flails
  1681 | D:3      | Noticed an ogre
  1682 | D:3      | Reached skill level 5 in Throwing
  1682 | D:3      | Reached XP level 5. HP: 50/54 MP: 5/5
  1927 | D:3      | Killed an ogre
  2013 | D:3      | Noticed an ogre
  2153 | D:3      | Mangled by an ogre

Illustrated notes

Levels and vault maps discovered:
D:1:      wheals_arrival_linesprint, layout_rooms, serial_glass,
          glass_columns_a, glass_columns_c,
          hellmonk_ecumenical_altar_inner_sanctum, serial_shops,
          nicolae_shop_trees
D:2:      layout_basic, kennysheep_generic_room_6
D:3:      layout_loops_ring, mainiacjoe_overflow_alcove_1, uniq_natasha

Skill      XL: |  1  2  3  4  5 |
---------------+----------------+-----
Fighting       | 3 4 |  4.0
Dodging        | 2 3 |  3.2
Maces & Flails | 1 |  1.6
Throwing       | 5 |  5.4
Stealth        | |  0.6

Action                   |  1- 3 |  4- 6 || total
-------------------------+-------+-------++-------
Melee: Short sword       |    74 |    31 ||   105
       Giant club        |       |    12 ||    12
Throw: Large rock        |     2 |       ||     2
       Stone             |     3 |    15 ||    18
  Use: Scroll            |     1 |     2 ||     3
Armor: Robe              |    13 |    11 ||    24
Dodge: Dodged            |    39 |    24 ||    63
